 Dungeon Crawl Stone Soup version 0.14-a0-1519-gc5e2f7f (webtiles) character file.

148 M4edhros the Stinger (level 4, -4/27 HPs)
             Began as an Octopode Venom Mage on Dec 16, 2013.
             Was a Follower of Jiyva.
             Slain by Duvessa
             ... wielding a +0,+0 elven cutlass
              (5 damage)
             ... on Level 4 of the Dungeon.
             The game lasted 00:06:59 (3575 turns).

M4edhros the Stinger (Octopode Venom Mage)          Turns: 3575, Time: 00:07:00

HP  -4/27        AC  1     Str  7      XL: 4   Next: 46%
MP   2/7         EV 12     Int 19 (20) God: Jiyva [*.....]
Gold 64          SH  0     Dex 15      Spells:  2 memorised,  3 levels left

rFire  . . .     SeeInvis .     o - +2,+1 whip (elec)
rCold  + . .     Clarity  .     h - +0 buckler
rNeg   . . .     Conserve .     (helmet restricted)
rPois  .         rCorr    .     (no amulet)
rElec  .         rRot     .     n - cursed +3 ring of dexterity
SustAb . .       Spirit   .     l - ring of sustenance
rMut   .         Warding  .     m - ring of protection from cold {unknown}
Saprov . . .     Stasis   .     (no ring)
                                (no ring)
                                (no ring)
                                (no ring)
                                (no ring)

@: confused, quite poisoned, slightly resistant to hostile enchantments, fairly
stealthy
A: almost no armour, amphibious, 8 rings, constrict 8, camouflage 1, clever 1,
deterioration 1, wild magic 1, gelatinous body 1
a: Request Jelly, Renounce Religion


You were on level 4 of the Dungeon.
You worshipped Jiyva.
Jiyva was aware of your devotion.
You were hungry.

You visited 1 branch of the dungeon, and saw 4 of its levels.

You collected 64 gold pieces.

Inventory:

Hand weapons
 o - a +2,+1 whip of electrocution (weapon)
Missiles
 j - 22 steel sling bullets
Armour
 h - a +0 buckler (worn)
Comestibles
 a - a sausage
 c - a bread ration
 f - a meat ration
 i - a pear
Scrolls
 g - a scroll of enchant armour
Jewellery
 e - an uncursed amulet of warding {unknown}
 l - a ring of sustenance (right tentacle)
 m - a ring of protection from cold (on tentacle) {unknown}
 n - a cursed +3 ring of dexterity (left tentacle)
Potions
 d - 2 potions of brilliance
Books
 b - a Young Poisoner's Handbook

   Spells                             Type                      Level
   *Sting                             Conjuration/Poison           1
   Cure Poison                        Poison                       2
   *Mephitic Cloud                    Conjuration/Poison/Air       3
   Olgreb's Toxic Radiance            Poison                       4
   Venom Bolt                         Conjuration/Poison           5


   Skills:
 * Level 1.2 Maces & Flails
 + Level 2.3 Dodging
 + Level 3.3 Stealth
 - Level 0.4 Unarmed Combat
 + Level 2.1 Spellcasting
 + Level 1.0 Conjurations
 + Level 5.9 Poison Magic


You had 3 spell levels left.
You knew the following spells:

 Your Spells              Type           Power        Failure   Level  Hunger
a - Sting                 Conj/Pois      ###.         16%         1    #......
b - Mephitic Cloud        Conj/Pois/Air  ###.....     43%         3    ###....


Dungeon Overview and Level Annotations

Branches:
Dungeon (4/16)
 Temple: D:4-7

Altars:
Fedhas
Jiyva

Annotations:
D:4 Dowan, Duvessa


Innate Abilities, Weirdness & Mutations

You cannot wear most types of armour.
You are amphibious.
You can wear up to eight rings at the same time.
You can use your tentacles to constrict many enemies at once.
Your skin changes colour to match your surroundings (Stlth).
Your rubbery body absorbs attacks (AC +1).
Your mind is acute. (Int +2)
Your body is slowly deteriorating.
Your spells are a little harder to cast, but a little more powerful.


Message History

You feel sick.
Dowan gestures wildly while chanting.
Dowan blinks!
Casting: Mephitic Cloud
Confirm with . or Enter, or press ? or * to list all spells.
Aiming: Mephitic Cloud
Press: ? - help, Shift-Dir - straight line That beam is likely to hit you.
Continue anyway?
The beam explodes into a vile cloud!
The stinking cloud engulfs you!
The stinking cloud engulfs Duvessa.
Duvessa is almost dead.
You are engulfed in noxious fumes.
You choke on the stench!
You are confused.
* * * LOW HITPOINT WARNING * * *
You feel sick. Duvessa hits you with an elven cutlass.
* * * LOW HITPOINT WARNING * * *
Unknown command.
* * * LOW HITPOINT WARNING * * *
You feel sick. Duvessa hits you with an elven cutlass.
You die...

...########.#
..........#.#
#.......J#
#.####...#
##...#######
#............
#.#.########
###.#.########
#...@e§..e....
#####.#.#.#§########
............#
..........###
##########


You could see Duvessa, Dowan and a neutral jelly (fellow slime).

Vanquished Creatures
  2 adders (D:2)
  3 worms
  2 giant geckos
  3 oozes (D:3)
  4 hobgoblins (D:1)
  A quokka (D:2)
  4 bats
  3 giant cockroaches
  2 giant newts
  4 goblins
  10 kobolds
  9 rats
47 creatures vanquished.

Vanquished Creatures (others)
  An adder (D:3)
  3 hobgoblins (D:3)
  2 bats (D:3)
  A giant newt (D:3)
  A goblin (D:3)
  4 jackals (D:3)
  2 kobolds (D:3)
  A quokka (D:3)
  A rat (D:3)
16 creatures vanquished.

Grand Total: 63 creatures vanquished

Notes
Turn   | Place    | Note
--------------------------------------------------------------
     0 | D:1      | M4edhros, the Octopode Venom Mage, began the quest for the Orb.
     0 | D:1      | Reached XP level 1. HP: 11/11 MP: 3/3
    41 | D:1      | Reached skill level 5 in Poison Magic
   320 | D:1      | Reached XP level 2. HP: 6/17 MP: 4/4
   462 | D:1      | Gained mutation: Your spells are a little harder to cast, but a little more powerful. [potion of mutation]
   462 | D:1      | Gained mutation: Your mind is acute. (Int +2) [potion of mutation]
   462 | D:1      | Gained mutation: Your body is slowly deteriorating. [potion of mutation]
  1659 | D:3      | Found a viscous altar of Jiyva.
  1671 | D:2      | Reached XP level 3. HP: 18/21 MP: 6/6
  1996 | D:2      | Learned a level 3 spell: Mephitic Cloud
  2183 | D:2      | Reached skill level 1 in Maces & Flails
  2183 | D:2      | Reached XP level 4. HP: 27/27 MP: 7/7
  2329 | D:2      | Found a blossoming altar of Fedhas.
  2447 | D:3      | Reached skill level 1 in Conjurations
  2456 | D:3      | Became a worshipper of Jiyva Juranun the Shapeless
  2554 | D:3      | Acquired Jiyva's first power
  3040 | D:3      | Acquired Jiyva's second power
  3535 | D:4      | Noticed Duvessa
  3564 | D:4      | Noticed Dowan
  3575 | D:4      | HP: 1/27 [poisoned by Dowan]
  3575 | D:4      | Slain by Duvessa

Action                   |  1- 3 |  4- 6 || total
-------------------------+-------+-------++-------
Melee: Unarmed           |    63 |       ||    63
       Whip              |    23 |    32 ||    55
 Cast: Sting             |     1 |       ||     1
       Mephitic Cloud    |       |     1 ||     1
Invok: Request Jelly     |       |     3 ||     3
  Use: Potion            |     5 |     1 ||     6
       Scroll            |     9 |     2 ||    11
 Stab: Sleeping          |     9 |     2 ||    11
